 Dungeon Crawl Stone Soup version 0.29-a0-517-gbdf32494f2 (webtiles) character file.

Game seed: 17852010950568391239

846 NateTC the Cudgeller (level 7, 0/67 HPs)
             Began as a Troll Gladiator on May 30, 2022.
             Slain by Edmund
             ... wielding a +2 dire flail of protection
              (3 damage)
             ... on level 5 of the Dungeon.
             The game lasted 00:13:43 (3119 turns).

NateTC the Cudgeller (Troll Gladiator)              Turns: 3119, Time: 00:13:44

Health: 0/67       AC:  4    Str: 31    XL:     7   Next: 68%
Magic:  6/6        EV: 10    Int:  4    God:
Gold:   157        SH:  5    Dex: 11    Spells: 6/6 levels left

rFire   + . .      SeeInvis .   n - +8 flail of Destruction {freeze, Will+}
rCold   . . .      Faith    .   (no shield)
rNeg    . . .      Spirit   .   b - +0 robe
rPois   .          Reflect  +   c - +0 hat
rElec   .          Harm     .   i - scarf {+Inv}
rCorr   .          Rampage  .   (gloves unavailable)
Will    +....                   (boots unavailable)
Stlth   +.........              o - amulet of reflection
HPRegen 1.01/turn               x - +6 ring of strength
MPRegen 0.10/turn               d - ring of protection from fire

@: no status effects
A: large, unfitting armour, claws 3, regeneration 1, shaggy fur 1, tough skin 1
a: Evoke Invisibility


You were on level 5 of the Dungeon.
You visited 1 branch of the dungeon, and saw 5 of its levels.

You collected 157 gold pieces.

Inventory:

Hand Weapons
 n - the +8 flail of Destruction (weapon) {freeze, Will+}
   (You took it off a kobold on level 2 of the Dungeon)

   It freezes those it strikes, dealing additional cold damage.
   It can also slow down cold-blooded creatures.
   Will:      It increases your willpower.
Missiles
 f - 2 datura-tipped darts (quivered)
 w - a throwing net
Armour
 b - a +0 robe (worn)
 c - a +0 hat (worn)
 h - a +0 cloak
 i - a scarf of invisibility (worn)
Jewellery
 d - a ring of protection from fire (right claw)
 o - an amulet of reflection (around neck)
 x - a +6 ring of strength (left claw)
Scrolls
 e - a scroll of identify
 g - 3 scrolls of teleportation
 k - a scroll of fear
 q - a scroll of summoning
Potions
 a - 4 potions of cancellation
 j - 3 potions of heal wounds {unknown}
 l - 4 potions of curing {unknown}
 m - a potion of mutation
 p - a potion of haste {unknown}
 r - 3 potions of degeneration {unknown}
 s - a potion of berserk rage {unknown}
 t - a potion of might {unknown}
 v - a potion of invisibility {unknown}
 z - a potion of magic {unknown}


   Skills:
 - Level 3.3 Fighting
 * Level 7.4 Maces & Flails
 - Level 2.8 Throwing
 - Level 2.4 Dodging


You had 6 spell levels left.
You didn't know any spells.
Your spell library was empty.

Dungeon Overview and Level Annotations

Branches:
Dungeon (5/15)
 Temple: D:4-7

Altars:
Makhleb

Shops:
D:2 (

Annotations:
D:5 1 runed translucent door, Edmund


Innate Abilities, Weirdness & Mutations

You are too large for most types of armour.
You have claws for hands.
Your natural rate of healing is unusually fast.
You are covered in fur. (AC +1)
You have tough skin. (AC +1)


Message History

You thump the adder!
The adder seems to slow down.
You freeze the adder.
You kill the adder!
A white imp comes into view.
Edmund the Younger comes into view.
He is wielding a +2 dire flail of protection.
The white imp gestures at you. The puff of frost hits you!
You thump the phantom! You freeze the phantom.
The phantom is heavily damaged.
The phantom hits you but does no damage.
You thump the phantom!
The phantom is almost destroyed.
The phantom hits you.
You sock the phantom!
You destroy the phantom!
The white imp gestures at you. The puff of frost hits you.
You thump the white imp! You freeze the white imp.
You kill the white imp!
You hit Edmund. You freeze Edmund.
Edmund is lightly wounded.
Edmund hits you with a +2 dire flail of protection!
You hit Edmund. You freeze Edmund.
Edmund is lightly wounded.
Edmund hits you with a +2 dire flail of protection.
You sock Edmund! You freeze Edmund.
Edmund is heavily wounded.
The sentinel's mark upon you fades away.
Edmund hits you with a +2 dire flail of protection!
You hit Edmund. You freeze Edmund.
Edmund is heavily wounded.
Edmund hits you with a +2 dire flail of protection!
* * * LOW HITPOINT WARNING * * *
Okay, then.
As you read the scroll of summoning, it crumbles to dust.
Wisps of shadow whirl around you...
Edmund hits you with a +2 dire flail of protection!
* * * LOW HITPOINT WARNING * * *
Edmund attacks as you move away!
Edmund hits you with a +2 dire flail of protection.
You die...

..##.......##.##..######
............................#
............<.....###.####....
.......#...###.[...#.†## #.#..
.......#.#.# #.#.#.....#....
...........###...##.........
..............J........#####
....)....#.####...)....#
....)).....# #.@o..#......<
#...#.#.#### #.@>..........
......).#######..#h.........
......#..##.........######..
...#...#.##[..).....## ..
..###....##†.........## #.#
#.................# ..#
#....##.........#..
.####.#.............#


You could see Edmund (ally target), a friendly hound (summoned), a friendly
jelly (summoned) and a friendly orc (summoned).

Vanquished Creatures
  A black bear (D:5)
  A phantom (D:5)
  2 necrophages (D:5)
  2 scorpions
  A gnoll shaman (D:4)
  3 orc priests
  Jessica (D:2)
  3 iguanas (D:5)
  3 gnolls
  7 adders
  A white imp (D:5)
  4 worms
  3 dart slugs
  17 orcs
  7 ball pythons
  5 bats
  7 endoplasms
  3 giant cockroaches
  8 goblins
  11 hobgoblins
  4 quokkas
  6 frilled lizards
  6 kobolds
  4 rats
110 creatures vanquished.

Notes
Turn   | Place    | Note
-------+----------+-------------------------------------------
     0 | D:1      | NateTC the Troll Gladiator began the quest for the Orb.
     0 | D:1      | Reached XP level 1. HP: 19/19 MP: 0/0
   211 | D:1      | Reached XP level 2. HP: 28/28 MP: 1/1
   325 | D:1      | Found a faded altar of an unknown god.
   747 | D:2      | Found Teffez's Antique Weapon Shop.
   870 | D:2      | Reached XP level 3. HP: 35/35 MP: 2/2
   877 | D:2      | Identified the +8 flail of Destruction {freeze, Will+}
  1143 | D:2      | Noticed Jessica
  1147 | D:2      | Killed Jessica
  1148 | D:2      | Reached XP level 4. HP: 45/45 MP: 3/3
  1704 | D:3      | Reached skill level 3 in Maces & Flails
  1834 | D:3      | Reached XP level 5. HP: 53/53 MP: 4/4
  2390 | D:4      | Reached skill level 4 in Maces & Flails
  2574 | D:4      | Identified the +1 ring mail "Atzus" {Str+3 Int+4}
  2880 | D:4      | Reached XP level 6. HP: 61/61 MP: 5/5
  2915 | D:5      | Entered Level 5 of the Dungeon
  2926 | D:4      | Reached skill level 5 in Maces & Flails
  2960 | D:5      | Found a runed translucent door.
  2983 | D:5      | Found a burning altar of Makhleb.
  3000 | D:5      | Reached skill level 6 in Maces & Flails
  3000 | D:5      | Reached XP level 7. HP: 60/67 MP: 6/6
  3102 | D:5      | Reached skill level 7 in Maces & Flails
  3107 | D:5      | Noticed Edmund
  3118 | D:5      | HP: 3/67 [Edmund/+2 dire flail of protection (12)]
  3119 | D:5      | Slain by Edmund

Illustrated notes

Levels and vault maps discovered:
D:1:      giann_forest_graveyard, layout_rooms,
          shapermc_ecumenical_altar_starsandcircs, roderic_lattice_a
D:2:      layout_basic, serial_shops, nicolae_shop_crystal, corner_web_ring,
          minmay_diced_spiral, uniq_jessica
D:3:      layout_loops_ring, hex_medium, grunt_decor_resistance
D:4:      layout_gridville
D:5:      layout_rooms, mainiacjoe_overflow_boulevard,
          ebering_ghost_reflecting_pool, uniq_edmund

Skill      XL: |  1  2  3  4  5  6  7 |
---------------+----------------------+-----
Throwing       | 2 |  2.8
Fighting       | 2 3 |  3.3
Maces & Flails | 3 4 6 7 |  7.4
Dodging        | |  2.4

Action                   |  1- 3 |  4- 6 |  7- 9 || total
-------------------------+-------+-------+-------++-------
Melee: Flail             |    69 |    98 |    35 ||   202
Throw: Large rock        |    16 |       |       ||    16
       Throwing net      |    11 |     2 |       ||    13
       Dart              |     5 |     7 |       ||    12
  Use: Scroll            |     3 |     7 |     1 ||    11
 Stab: Held in net/web   |     2 |     1 |       ||     3
       Sleeping          |     1 |       |       ||     1
Armor: Robe              |    33 |    23 |     5 ||    61
Dodge: Dodged            |    75 |    49 |     9 ||   133
Block: Other             |       |    16 |     7 ||    23

Table legend: (Time is in decaauts)
 A = Elapsed time spent in this place.
 B = Non-inter-level travel time spent in this place.
 C = Inter-level travel time spent in this place.
 D = Time resting spent in this place.
 E = Time spent auto-exploring this place.
 F = Levels seen in this place.
 G = Mean time per level.
                   A        B        C        D        E       F      G
               +--------+--------+--------+--------+--------+-----+--------+
         Total |   3172 |   3100 |     72 |    170 |    962 |   5 |  634.4 |
       Dungeon |   3172 |   3100 |     72 |    170 |    962 |   5 |  634.4 |
               +--------+--------+--------+--------+--------+-----+--------+

Top non-repeatable levels by time:
     D:2: 882 daAuts
     D:1: 750 daAuts
     D:3: 685 daAuts
     D:4: 663 daAuts
     D:5: 190 daAuts
